 Dungeon Crawl Stone Soup version 0.31.0-11-ge490571c62 (webtiles) character file.

Game seed: 7886678517197607303

1039 qw the Skirmisher (level 8, -6/39 HPs)
             Began as a Spriggan Hunter on Feb 3, 2024.
             Mangled by a two-headed ogre
             ... wielding a +0 giant club
              (11 damage)
             ... on level 6 of the Dungeon.
             The game lasted 00:01:22 (3669 turns).

qw the Skirmisher (Spriggan Hunter)                 Turns: 3669, Time: 00:01:23

Health: -6/39      AC:  2    Str:  7    XL:     8   Next: 4%
Magic:  9/9        EV: 22    Int: 11    God:
Gold:   312        SH:  0    Dex: 20    Spells: 7/7 levels left

rFire   . . .        m - +0 orcbow
rCold   . . .        (shield currently unavailable)
rNeg    . . .        c - +0 robe
rPois   .            (helmet restricted)
rElec   .            (no cloak)
rCorr   .            (gloves unavailable)
SInv    +            (boots unavailable)
Will    +....        (no amulet)
Stlth   ++           (no ring)
HPRegen 0.26/turn    (no ring)
MPRegen 0.11/turn

%: no passive effects
@: very quick
A: very small, no large weapons, unfitting armour, see invisible, speed 3
a: no special abilities


You were on level 6 of the Dungeon.
You visited 2 branches of the dungeon, and saw 7 of its levels.

You collected 312 gold pieces.


Innate Abilities, Weirdness & Mutations

You are very small and have problems with some larger weapons.
You are too small for most types of armour.
You have supernaturally acute eyesight. (SInv)
You cover ground extremely quickly. (Speed+++)


   Skills:
 + Level 2.6 Fighting
 - Level 8.3 Ranged Weapons
 - Level 7.4 Dodging
 - Level 1.5 Stealth


You had 7 spell levels left.
You didn't know any spells.
Your spell library was empty.

Inventory:

Hand Weapons
 m - a +0 orcbow (weapon)
Armour
 c - a +0 robe (worn)
Wands
 b - a wand of paralysis (2)
 h - a wand of mindburst (11) (quivered)
 j - a wand of flame (16)
Scrolls
 d - 3 scrolls of teleportation
 i - 2 scrolls of enchant armour
Potions
 a - a potion of curing
 e - a potion of might
 f - a potion of resistance
 g - 2 potions of mutation
 k - a potion of berserk rage {unknown}
 l - a potion of heal wounds {unknown}
 p - a potion of haste {unknown}

Dungeon Overview and Level Annotations

Branches:
Dungeon (6/15)             Temple (1/1) D:4

Altars:
Ashenzari
Dithmenos
Gozag
Hepliaklqana
Makhleb
Qazlal
Sif Muna
Vehumet
Wu Jian
Yredelemnul
Zin


Message History

You shoot an arrow.
The arrow hits the gnoll bouda but does no damage.
The gnoll bouda is heavily wounded.
The gnoll bouda hits you with a +0 club!
You shoot an arrow.
The arrow barely misses the gnoll bouda.
The gnoll bouda barely misses you.
You shoot an arrow.
The arrow hits the gnoll bouda but does no damage.
The gnoll bouda is heavily wounded.
The gnoll bouda completely misses you.
You shoot an arrow.
The arrow closely misses the gnoll bouda.
The gnoll bouda misses you. The gnoll bouda closely misses you.
You shoot an arrow. The arrow hits the gnoll bouda!
The gnoll bouda is almost dead.
The gnoll bouda closely misses you.
You shoot an arrow. The arrow hits the gnoll bouda!
You kill the gnoll bouda!
Your attacks no longer feel as feeble.
You start resting.
A two-headed ogre comes into view. It is wielding two +0 giant clubs.
3667 ||| ZAPPING wand of mindburst (14) at -3,-2 (two-headed ogre; floor).
Aiming: Mindburst
Press: ? - help, Q - select action, (/) - cycle Shift-Dir - straight line, f - two-headed ogre The two-headed ogre shouts in stereo!
The two-headed ogre's minds are blasted!
You hear a shout! x3
3668 ||| ZAPPING wand of mindburst (13) at -2,-1 (two-headed ogre; floor).
Aiming: Mindburst
Press: ? - help, Q - select action, (/) - cycle Shift-Dir - straight line, f/p - two-headed ogre The two-headed ogre resists with some effort.
3669 ||| ZAPPING wand of mindburst (12) at -1,-1 (two-headed ogre; floor).
Aiming: Mindburst
Press: ? - help, Q - select action, (/) - cycle Shift-Dir - straight line, f/p - two-headed ogre The two-headed ogre resists with some effort.
The two-headed ogre hits you with a +0 giant club!!
Ouch! That really hurt!
The two-headed ogre hits you with a +0 giant club!
You die...

# # # .#
..
#.####.#.#
#..O.....#
#@)...#
#.......#
#......##
#...####
#...#
#...#
#...#
#...#


You could see a two-headed ogre.

Vanquished Creatures
  Sigmund (D:2)
  A water moccasin (D:5)
  An ice beast (D:5)
  An ogre (D:4)
  A centaur (D:5)
  A howler monkey (D:5)
  2 orc priests
  5 hounds
  A gnoll bouda (D:6)
  An iguana (D:4)
  3 gnolls (D:5)
  7 adders
  A white imp (D:5)
  2 dart slugs
  5 ribbon worms
  7 orcs
  6 ball pythons
  11 endoplasms
  3 giant cockroaches
  12 goblins
  5 hobgoblins
  7 jackals
  5 kobolds
  6 quokkas
  7 bats
  6 frilled lizards
  3 rats
111 creatures vanquished.

Notes
Turn   | Place    | Note
-------+----------+-------------------------------------------
     0 | D:1      | qw the Spriggan Hunter began the quest for the Orb.
     0 | D:1      | Reached XP level 1. HP: 10/10 MP: 2/2
     0 | D:1      | 0 ||| qw: Version: 0.3-a-155-g5e7d8dd
     0 | D:1      | 0 ||| qw: Game counter: 3396
     0 | D:1      | 0 ||| qw: Melee chars always use a shield: true
     0 | D:1      | 0 ||| qw: God list: Okawaru
     0 | D:1      | 0 ||| qw: Allow faded altars: false
     0 | D:1      | 0 ||| qw: Do Orc after clearing Dungeon:15 true
     0 | D:1      | 0 ||| qw: Do second Lair branch before Depths: true
     0 | D:1      | 0 ||| qw: Lair rune preference: random
     0 | D:1      | 0 ||| qw: Goals: Normal
     0 | D:1      | 0 ||| PLANNING D:1-11
    51 | D:1      | Reached skill level 3 in Dodging
   221 | D:1      | Reached XP level 2. HP: 14/14 MP: 3/3
   664 | D:1      | 664 ||| READING scroll labelled BOCAJU NUYB.
   664 | D:1      | 664 ||| IDENTIFYING viscous emerald potion
   665 | D:1      | 665 ||| DROPPING scroll of butterflies.
   666 | D:1      | 666 ||| DROPPING potion of lignification.
   699 | D:2      | Found a faded altar of an unknown god.
   700 | D:2      | 700 ||| STAIRDANCE
   704 | D:2      | 704 ||| STAIRDANCE
   711 | D:2      | 711 ||| STAIRDANCE
   719 | D:2      | 719 ||| STAIRDANCE
   724 | D:1      | Reached XP level 3. HP: 18/18 MP: 4/4
   727 | D:2      | 727 ||| STAIRDANCE
   831 | D:2      | Noticed Sigmund
   836 | D:2      | Killed Sigmund
   837 | D:2      | Reached skill level 6 in Ranged Weapons
   837 | D:2      | Reached XP level 4. HP: 22/22 MP: 5/5
   837 | D:2      | Reached XP level 5. HP: 25/25 MP: 6/6
  1336 | D:2      | 1336 ||| DROPPING ring of magical power.
  1337 | D:2      | 1337 ||| READING scroll of identify.
  1337 | D:2      | 1337 ||| IDENTIFYING fuming silvery potion
  1338 | D:2      | 1338 ||| READING 2 scrolls labelled WOZUUS REOF.
  1343 | D:2      | 1343 ||| DRINKING 2 puce potions.
  1349 | D:3      | 1349 ||| STAIRDANCE
  1670 | D:3      | Reached XP level 6. HP: 28/30 MP: 7/7
  1996 | D:3      | Found an ornate altar of the Wu Jian Council.
  2040 | D:3      | 2040 ||| READING 2 scrolls of identify.
  2040 | D:3      | 2040 ||| IDENTIFYING fuming golden potion
  2041 | D:3      | 2041 ||| READING scroll of identify.
  2041 | D:3      | 2041 ||| IDENTIFYING scroll labelled DUSESS NAODO
  2051 | D:4      | 2051 ||| STAIRDANCE
  2057 | D:4      | 2057 ||| STAIRDANCE
  2138 | D:4      | 2138 ||| FLEEEEING.
  2139 | D:4      | 2139 ||| FLEEEEING.
  2140 | D:4      | 2140 ||| FLEEEEING.
  2142 | D:4      | 2142 ||| FLEEEEING.
  2143 | D:4      | 2143 ||| FLEEEEING.
  2145 | D:4      | 2145 ||| FLEEEEING.
  2146 | D:4      | 2146 ||| FLEEEEING.
  2245 | D:4      | Found a stormy altar of Qazlal.
  2271 | D:4      | Found a staircase to the Ecumenical Temple.
  2272 | D:4      | 2272 ||| PLANNING TEMPLE
  2272 | D:4      | 2272 ||| READING scroll labelled CEILIHAA ORAVO.
  2273 | D:4      | 2273 ||| READING scroll labelled CELO YFOREMO.
  2282 | Temple   | Entered the Ecumenical Temple
  2283 | Temple   | 2283 ||| PLANNING D:1-11
  2305 | D:4      | Reached skill level 6 in Dodging
  2451 | D:4      | Found a shimmering blue altar of Sif Muna.
  2607 | D:4      | Reached skill level 7 in Ranged Weapons
  2607 | D:4      | Reached XP level 7. HP: 35/35 MP: 8/8
  2755 | D:4      | 2755 ||| READING scroll labelled SOXOENTORATT.
  2755 | D:4      | 2755 ||| BRANDING +0 shortbow.
  2775 | D:5      | Entered Level 5 of the Dungeon
  2779 | D:5      | 2779 ||| FLEEEEING.
  2780 | D:5      | 2780 ||| STAIRDANCE
  2991 | D:5      | 2991 ||| SWAPPING to +0 orcbow.
  2993 | D:5      | 2993 ||| DROPPING +0 shortbow of freezing.
  3348 | D:5      | Found a shadowy altar of Dithmenos.
  3483 | D:5      | Identified the +10 dagger of Foolhardiness {heavy, rF++
                  | Stlth+}
  3500 | D:5      | Reached skill level 8 in Ranged Weapons
  3511 | D:5      | 3511 ||| READING scroll of identify.
  3511 | D:5      | 3511 ||| IDENTIFYING black potion
  3512 | D:5      | 3512 ||| READING scroll labelled DUL RI PAHAXEO.
  3576 | D:5      | 3576 ||| READING scroll labelled ULECEZ PINEFU.
  3581 | D:6      | 3581 ||| STAIRDANCE
  3589 | D:6      | 3589 ||| STAIRDANCE
  3597 | D:5      | Reached XP level 8. HP: 36/39 MP: 9/9
  3666 | D:6      | Noticed a two-headed ogre
  3667 | D:6      | 3667 ||| ZAPPING wand of mindburst (14) at -3,-2
                  | (two-headed ogre; floor).
  3668 | D:6      | 3668 ||| ZAPPING wand of mindburst (13) at -2,-1
                  | (two-headed ogre; floor).
  3669 | D:6      | 3669 ||| ZAPPING wand of mindburst (12) at -1,-1
                  | (two-headed ogre; floor).
  3669 | D:6      | HP: 5/39 [two-headed ogre/+0 giant club (34)]
  3669 | D:6      | Mangled by a two-headed ogre

Levels and vault maps discovered:
D:1:      minmay_arrival_plants_in_alcoves, layout_loops_ring
D:2:      layout_loops_ring, nicolae_ecumenical_pavilion, uniq_sigmund
D:3:      layout_loops_cross, nzn_wu_jian_council_hall, nicolae_wormholes
D:4:      layout_basic, nicolae_sif_muna_condensation,
          minmay_temple_entry_waves, minmay_ruined_shrine
D:5:      layout_rooms, overflow_temple_1_default, patterned_corridor
D:6:      black_bear_nest_1, layout_basic, nicolae_ru_awakened_eye,
          mainiacjoe_overflow_cross_hatched
Temple:   pf_temple_reverse_labyrinth

Skill      XL: |  1  2  3  4  5  6  7 |
---------------+----------------------+-----
Dodging        | 3 4 5 6 7 |  7.4
Ranged Weapons | 6 7 8 |  8.3
Fighting       | 2 |  2.6
Stealth        | |  1.5

Action                     |  1- 3 |  4- 6 |  7- 9 || total
---------------------------+-------+-------+-------++-------
   Fire: Shortbow          |    73 |   196 |    37 ||   306
         Orcbow            |       |       |    72 ||    72
  Evoke: Wand              |       |       |     3 ||     3
    Use: Scroll            |     1 |     6 |     4 ||    11
         Potion            |       |     1 |       ||     1
 Armour: Robe              |     7 |    20 |    19 ||    46
  Dodge: Dodged            |    33 |    80 |    66 ||   179

Table legend:
 A = Non-vault XP
 B = Vault XP
 C = Vault XP percentage of total XP
 D = Non-vault monster count
 E = Vault monster count
 F = Vault count percentage of total count
                 A         B        C        D         E       F
            +---------+---------+-------+---------+---------+-------
      Total |    1173 |     312 |  21.0 |      99 |      12 |  10.8
            +---------+---------+-------+---------+---------+-------
        D:1 |      48 |       0 |   0.0 |      23 |       0 |   0.0
        D:2 |      76 |     231 |  75.2 |      22 |       1 |   4.3
        D:3 |      86 |       9 |   9.5 |      17 |       2 |  10.5
        D:4 |     275 |      67 |  19.6 |      21 |       8 |  27.6
        D:5 |     648 |       5 |   0.8 |      15 |       1 |   6.2
        D:6 |      40 |       0 |   0.0 |       1 |       0 |   0.0
            +---------+---------+-------+---------+---------+-------
